 Dungeon Crawl Stone Soup version 0.21-a0-404-g291f19a (webtiles) character file.

438 willianwab the Ruffian (level 6, -1/62 HPs)
             Began as a Troll Monk on Oct 26, 2017.
             Killed by nerve-wracking pain
             ... invoked by an orc priest
              (10 damage)
             ... on level 4 of the Dungeon.
             The game lasted 00:19:02 (2987 turns).

willianwab the Ruffian (Troll Monk)                 Turns: 2987, Time: 00:19:03

Health: -1/62      AC:  6    Str: 24    XL:     6   Next: 69%
Magic:  5/5        EV: 11    Int:  6    God:
Gold:   201        SH:  6    Dex: 13    Spells: 3/5 levels left

rFire    . . .     SeeInvis .     - Unarmed
rCold    + . .     Gourm    +   (no shield)
rNeg     . . .     Faith    .   a - +1 robe
rPois    .         Spirit   .   (helmet restricted)
rElec    +         Reflect  +   (no cloak)
rCorr    .         Harm     .   (gloves unavailable)
MR       .....                  (boots unavailable)
Stlth    ++........             n - amulet "Duxt" {Reflect rElec rC+ Str+3 SH+6}
HPRegen  0.60/turn              (no ring)
MPRegen  0.09/turn              (no ring)

@: no status effects
A: unfitting armour, claws 3, fast metabolism 3, gourmand, regeneration 1,
shaggy fur 1, tough skin 2
a: no special abilities


You were on level 4 of the Dungeon.
You were full.

You visited 1 branch of the dungeon, and saw 4 of its levels.

You collected 201 gold pieces.

Inventory:

Missiles
 g - a large rock (quivered)
Armour
 a - a +1 robe (worn)
Jewellery
 h - an uncursed ring of resist corrosion {unknown}
 k - a +3 amulet of reflection
 n - the amulet "Duxt" (around neck) {Reflect rElec rC+ Str+3 SH+6}
   (You found it on level 4 of the Dungeon)

   [amulet of reflection]

   It shields you and reflects attacks.
   It affects your strength (+3).
   It protects you from cold.
   It insulates you from electricity.
   It affects your SH (+6).
Wands
 o - a wand of flame (29/48)
Scrolls
 i - 2 scrolls of remove curse
 m - a scroll of teleportation
Potions
 c - 3 potions of agility
 d - 2 potions of brilliance {unknown}
 e - a potion of mutation {unknown}
 j - 2 potions of curing {unknown}
Books
 l - Zawo's Catalogue of Cloudy Protection
   (You found it on level 4 of the Dungeon)

   Spells                             Type                      Level
   a - Shroud of Golubria             Charms/Translocation         2
   b - Summon Lightning Spire         Summoning/Air                4
   c - Excruciating Wounds            Charms/Necromancy            5
Comestibles
 b - 3 bread rations
 f - a royal jelly


   Skills:
 + Level 3.7 Fighting
 - Level 0.9 Armour
 * Level 4.0 Dodging
 - Level 1.0 Stealth
 - Level 5.2 Unarmed Combat
 + Level 0.1 Spellcasting


You had 3 spell levels left.
You knew the following spells:

 Your Spells              Type           Power        Failure   Level  Hunger
a - Shroud of Golubria    Chrm/Tloc      #.........   58%         2    ###....


Dungeon Overview and Level Annotations

Branches:
Dungeon (4/15)
 Temple: D:4-7

Altars:
Ashenzari
Fedhas
Kikubaaqudgha
The Shining One

Annotations:
D:4 1 transporter


Innate Abilities, Weirdness & Mutations

You are too large for most types of armour.
You have claws for hands.
Your metabolism is lightning-fast.
You like to eat raw meat.
Your natural rate of healing is unusually fast.
You are covered in fur. (AC +1)
You have very tough skin. (AC +2)


Message History

Throwing (i - inventory):
g - 3 large rocks (quivered)
Press: ? - help, Shift-Dir - straight line, f/p - orc priest
Aim: an orc priest, wielding a whip and wearing a leather armour (severely wounded)
You throw a large rock. The large rock hits the orc priest.
You kill the orc priest!
Your Dodging skill increases to level 4!
The shadow imp gestures at you. Pain shoots through your body!
* * * LOW HITPOINT WARNING * * *
The shadow imp gestures at you. Pain shoots through your body!
* * * LOW HITPOINT WARNING * * *
Throwing (i - inventory):
g - 2 large rocks (quivered)
Press: ? - help, Shift-Dir - straight line, f - shadow imp
Aim: a shadow imp You throw a large rock.
The large rock hits the shadow imp.
The shadow imp is heavily wounded.
The orc priest invokes the aid of Beogh against you.
Pain shoots through your body!
You die...

.....####.########.# #.##
........#^# #<# #.##
...####.#.####################.##
...# #...##.................#.##
...# ######.###############.#.#
#### #.#8P#5o.....#P8#.#.# ...
##.#P.#≈≈≈≈≈≈≈#.P#.#.# ###
##..#..#..≈≈≈..#.$#...# .
#..©#©.@..≈♣≈..+?©#©..#
.##...#..#..≈≈≈..#.$#...#
#....#.#P.#≈≈≈≈≈≈≈#.P#...#
#######.###.#8P#5......#≈8#..##
#....##.# #.###############..#
#....##.###..................#
##....##..########............#
...............# #.############
##..).###...##.# #.#


You could see an orc priest and 2 shadow imps.

Vanquished Creatures
  A centaur (D:4)
  Blork the orc (D:4)
  A hound (D:4)
  An orc priest (D:4)
  An iguana (D:4)
  A worker ant (D:2)
  4 adders
  An adder skeleton (D:4)
  2 worms
  4 dart slugs
  2 leopard geckos
  14 orcs
  A ball python (D:1)
  6 bats
  4 giant cockroaches
  9 goblins
  7 hobgoblins
  13 jackals
  15 kobolds
  4 quokkas
  6 frilled lizards
  12 rats
110 creatures vanquished.

Notes
Turn   | Place    | Note
-------+----------+-------------------------------------------
     0 | D:1      | willianwab the Troll Monk began the quest for the Orb.
     0 | D:1      | Reached XP level 1. HP: 22/22 MP: 0/0
    57 | D:1      | Reached XP level 2. HP: 24/29 MP: 1/1
   343 | D:1      | Reached XP level 3. HP: 26/36 MP: 2/2
   898 | D:2      | Reached skill level 4 in Unarmed Combat
   898 | D:2      | Reached XP level 4. HP: 3/44 MP: 3/3
   898 | D:2      | HP: 2/44 [poisoned by a worker ant]
   904 | D:2      | HP: 1/44 [poisoned by a worker ant]
   911 | D:2      | HP: 2/44 [poisoned by a worker ant]
  1027 | D:2      | Found a blossoming altar of Fedhas.
  1692 | D:3      | Found a glowing golden altar of the Shining One.
  1799 | D:3      | Found an ancient bone altar of Kikubaaqudgha.
  1894 | D:3      | Found a shattered altar of Ashenzari.
  1976 | D:3      | Reached XP level 5. HP: 53/53 MP: 4/4
  2374 | D:4      | Noticed Blork the orc
  2385 | D:4      | Killed Blork the orc
  2385 | D:4      | Reached skill level 5 in Unarmed Combat
  2385 | D:4      | Reached XP level 6. HP: 39/61 MP: 5/5
  2543 | D:4      | Identified Zawo's Catalogue of Cloudy Protection
  2842 | D:4      | Learned a level 2 spell: Shroud of Golubria
  2905 | D:4      | Got a fine bronze amulet
  2906 | D:4      | Found a transporter.
  2915 | D:4      | Identified the amulet "Duxt" {Reflect rElec rC+ Str+3 SH+6} (You found it on level 4 of the Dungeon)
  2923 | D:4      | Found a transporter.
  2987 | D:4      | Killed from afar by an orc priest

Vault maps used:
D:1:      tarquinn_simple_flora_water_f, minmay_misc_feat_cross,
          minmay_box_of_dots
D:2:      nicolae_overflow_crystal_walls, first_bread,
          minmay_misc_feat_diagonals
D:3:      marbit_many_paths, nicolae_overflow_hidden_temple,
          cheibrodos_ashenzari_chains, minivault_27
D:4:      gammafunk_wand_slinger, uniq_blork_the_orc

Skill      XL: |  1  2  3  4  5  6 |
---------------+-------------------+-----
Unarmed Combat | 4 5 |  5.2
Dodging        | 3 4 |  4.0
Fighting       | 3 |  3.7
Armour         | |  0.9
Stealth        | |  1.0
Spellcasting   | |  0.1

Action                   |  1- 3 |  4- 6 || total
-------------------------+-------+-------++-------
Melee: Unarmed           |    82 |   186 ||   268
       Punch             |       |     2 ||     2
Throw: Large rock        |       |    11 ||    11
  Use: Scroll            |     4 |     2 ||     6
 Stab: Sleeping          |     2 |     2 ||     4
  Eat: Chunk             |     4 |    24 ||    28
       Fruit             |       |     2 ||     2
Armor: Robe              |    52 |    56 ||   108
Dodge: Dodged            |    61 |   120 ||   181
Block: Other             |       |    14 ||    14

Table legend:
 A = Spawn XP
 B = Non-spawn XP
 C = Spawn XP percentage of total XP
 D = Spawn monster count
 E = Non-spawn monster count
 F = Spawn count percentage of total count
 G = Total turns spent on level
                    A         B        C        D         E        F      G
               +---------+---------+-------+---------+---------+-------+---------
         Total |       0 |     627 |   0.0 |       0 |     110 |   0.0 |  2987
               +---------+---------+-------+---------+---------+-------+---------
           D:1 |       0 |      59 |   0.0 |       0 |      35 |   0.0 |   813
           D:2 |       0 |      82 |   0.0 |       0 |      28 |   0.0 |   721
           D:3 |       0 |     101 |   0.0 |       0 |      34 |   0.0 |   771
           D:4 |       0 |     385 |   0.0 |       0 |      13 |   0.0 |   682
               +---------+---------+-------+---------+---------+-------+---------
